 Dungeon Crawl Stone Soup version 0.17.1-2-g5865329 (webtiles) character file.

252 Mysteryquy the Chopper (level 5, -11/46 HPs)
             Began as a Minotaur Fighter on Jan 22, 2016.
             Killed by divine providence
             ... invoked by an orc priest
              (14 damage)
             ... on level 3 of the Dungeon.
             The game lasted 00:02:11 (1924 turns).

Mysteryquy the Chopper (Minotaur Fighter)           Turns: 1924, Time: 00:02:11

Health: -11/46     AC: 10    Str: 21    XL:     5   Next: 89%
Magic:  4/4        EV:  7    Int:  5    God:
Gold:   80         SH:  9    Dex: 10    Spells: 0 memorised, 4 levels left

rFire  . . .     SeeInvis .     a - +0 war axe
rCold  . . .     Clarity  .     b - +0 scale mail
rNeg   . . .     SustAt   .     c - +0 shield
rPois  .         Gourm    .     (helmet restricted)
rElec  .         Spirit   .     p - +1 cloak
rCorr  .         Warding  .     (no gloves)
rMut   .         Stasis   .     k - +0 pair of boots
MR     .....                    (no amulet)
Stlth  ..........               (no ring)
                                (no ring)

@: not resistant to hostile enchantments, extremely unstealthy
A: retaliatory headbutt, horns 2
a: no special abilities


You were on level 3 of the Dungeon.
You were not hungry.

You visited 1 branch of the dungeon, and saw 3 of its levels.

You collected 80 gold pieces.

Inventory:

Hand Weapons
 a - a +0 war axe (weapon)
Armour
 b - a +0 scale mail (worn)
 c - a +0 shield (worn)
 k - a +0 pair of boots (worn)
 p - a +1 cloak (worn)
Jewellery
 n - an uncursed amulet of resist mutation {unknown}
 t - a cursed ring of teleportation {unknown}
Scrolls
 f - 3 scrolls of identify {unknown}
 h - a scroll of teleportation {unknown}
 l - a scroll of remove curse {unknown}
 q - a scroll of noise {unknown}
 r - a scroll of fear {unknown}
Potions
 d - a potion of might
 g - 3 potions of curing {unknown}
 i - 3 potions of magic {unknown}
 m - a potion of brilliance {unknown}
Comestibles
 e - 2 bread rations
 j - a beef jerky
 s - a royal jelly


   Skills:
 - Level 4.1 Fighting
 + Level 6.8 Axes
 - Level 4.2 Armour
 - Level 3.7 Shields


You had 4 spell levels left.
You didn't know any spells.

Dungeon Overview and Level Annotations

Branches:
Dungeon (3/15)

Altars:
Beogh


Innate Abilities, Weirdness & Mutations

You reflexively headbutt those who attack you in melee.
You have a pair of horns on your head.


Message History

You barely miss the orc. You block the orc's attack.
The orc priest invokes the aid of Beogh against you.
Something smites you!
* * * LOW HITPOINT WARNING * * *
The orc hits you but does no damage.
You are too injured to fight recklessly!
You are too injured to fight recklessly!
You are too injured to fight recklessly!
You are too injured to fight recklessly!
You closely miss the orc. The orc hits you but does no damage.
You barely miss the orc.
The orc priest calls down the wrath of Beogh upon you.
Something smites you!
* * * LOW HITPOINT WARNING * * *
The orc hits you but does no damage.
You slash the orc!
You kill the orc!
The orc priest invokes the aid of Beogh against you.
Something smites you!
You die...

#.# #.......>..
#.###..........
#..........#####
#####.....## o.##
###.....# .8.#
#.##.#### o.$# #.##.#
o8$# #.##.# .o# #.##@#
##'#
##########.##o#####..#
#............o..o...##
#.###################
#.# #.# #.# #.# #.#


You could see an orc priest and an orc.

Vanquished Creatures
  The ghost of SirMumm the Magician, an amateur DEWz (D:3)
  A jelly (D:3)
  Crazy Yiuf (D:2)
  An orc wizard (D:3)
  4 adders
  An ooze (D:1)
  2 worms (D:3)
  A giant gecko (D:2)
  2 orcs (D:3)
  5 bats
  4 giant cockroaches
  5 goblins
  2 hobgoblins
  4 jackals
  A giant newt (D:2)
  9 kobolds
  5 rats
49 creatures vanquished.

Notes
Turn   | Place    | Note
--------------------------------------------------------------
     0 | D:1      | Mysteryquy the Minotaur Fighter began the quest for the Orb.
     0 | D:1      | Reached XP level 1. HP: 19/19 MP: 0/0
   111 | D:1      | Reached skill level 4 in Armour
   112 | D:1      | Reached XP level 2. HP: 22/27 MP: 1/1
   710 | D:2      | Reached XP level 3. HP: 20/33 MP: 2/2
  1053 | D:2      | Noticed Crazy Yiuf
  1062 | D:2      | Killed Crazy Yiuf
  1062 | D:2      | Reached XP level 4. HP: 21/40 MP: 0/3
  1442 | D:3      | Reached skill level 5 in Axes
  1587 | D:3      | Found a faded altar to an unknown god.
  1589 | D:3      | Noticed SirMumm's ghost (amateur DEWz)
  1601 | D:3      | Reached XP level 5. HP: 36/46 MP: 4/4
  1635 | D:3      | Killed SirMumm's ghost
  1635 | D:3      | Reached skill level 6 in Axes
  1903 | D:3      | Found a roughly hewn altar of Beogh.
  1924 | D:3      | Killed from afar by an orc priest

Action                   |  1- 3 |  4- 6 || total
-------------------------+-------+-------++-------
Melee: War axe           |    62 |    80 ||   142
  Eat: Chunk             |       |     3 ||     3
